 Dungeon Crawl Stone Soup version 0.28.0-53-g5a82cb258f (webtiles) character file.

Game seed: 4811630810586420990

373 LynnLen the Ducker (level 6, -5/32 HPs)
             Began as a Vampire Enchanter on Aug 16, 2022.
             Was an Initiate of Gozag.
             Slain by an orc warrior
             ... wielding a +0 war axe
              (17 damage)
             ... on level 5 of the Dungeon.
             The game lasted 00:10:57 (4789 turns).

LynnLen the Ducker (Vampire Enchanter)              Turns: 4789, Time: 00:10:58

Health: -5/32      AC:  3    Str:  7    XL:     6   Next: 43%
Magic:  4/9        EV: 14    Int: 18    God:    Gozag
Gold:   154        SH:  0    Dex: 16    Spells: 6/9 levels left

rFire   . . .      SeeInvis +   a - +1 dagger
rCold   + + .      Faith    .   (no shield)
rNeg    + + +      Spirit   .   b - +0 robe
rPois   ∞          Reflect  .   (no helmet)
rElec   .          Harm     .   (no cloak)
rCorr   .          Rampage  .   (no gloves)
Will    .....                   n - +0 pair of boots
Stlth   +++++.....              (no amulet)
HPRegen 0.00/turn               (no ring)
MPRegen 0.11/turn               (no ring)

@: attractive, bloodless, inhibited regen
A: bloodless, fangs 3, see invisible, vampiric 2
a: Bat Form, Revivify, Renounce Religion, Potion Petition, Call Merchant, Bribe
Branch


You were on level 5 of the Dungeon.
You worshipped Gozag.
Gozag was aware of your devotion.
You visited 2 branches of the dungeon, and saw 6 of its levels.

You collected 218 gold pieces.
You paid 64 gold pieces to Gozag.

Inventory:

Hand Weapons
 a - a +1 dagger (weapon)
 j - a +0 hunting sling
Missiles
 d - 81 stones
 g - 4 throwing nets
 i - 5 poisoned darts
Armour
 b - a +0 robe (worn)
 n - a +0 pair of boots (worn)
Scrolls
 c - a scroll of vulnerability {unknown}
 h - a scroll of brand weapon {unknown}
 o - a scroll of torment {unknown}
 q - a scroll of teleportation {unknown}
 r - a scroll of enchant weapon {unknown}
 s - 3 scrolls of magic mapping {unknown}
 t - 2 scrolls of identify
 u - a scroll of noise {unknown}
Potions
 f - a potion of haste {unknown}
 k - 2 potions of curing {unknown}
 l - a potion of brilliance {unknown}
 p - a potion of degeneration {unknown}
 v - a potion of ambrosia {unknown}


   Skills:
 + Level 5.1 Short Blades
 + Level 5.5 Dodging
 - Level 4.4 Stealth
 - Level 2.0 Spellcasting
 - Level 4.4 Hexes


You had 6 spell levels left.
You knew the following spells:

 Your Spells              Type           Power      Damage    Failure   Level
a - Confusing Touch       Hex            17%        N/A       9%          3

Your spell library contained the following spells:

 Spells                   Type           Power      Damage    Failure   Level
 Tukima's Dance           Hex            17%        N/A       9%          3
 Ensorcelled Hibernation  Hex/Ice        18%        N/A       11%         2
 Dazzling Flash           Conj/Hex       18%        N/A       22%         3
 Fulminant Prism          Conj/Hex       4%         3d6       58%         4
 Iskenderun's Mystic Bla  Conj/Tloc      1%         2d3       87%         4
 Lee's Rapid Deconstruct  Erth           0%         3d5*      99%         5


Dungeon Overview and Level Annotations

Branches:
Dungeon (5/15)             Temple (1/1) D:5

Altars:
Gozag
Okawaru
Ru
Trog

Shops:
D:1 [


Innate Abilities, Weirdness & Mutations

You do not regenerate when monsters are visible.
You are frail without blood (-20% HP).
You can heal yourself when you bite living creatures.
You are immune to poison.
You have razor-sharp teeth.
You have supernaturally acute eyesight. (SInv)
You are afflicted with vampirism and can become a bat while bloodless.


Message History

The quokka bites you. The goblin hits you but does no damage.
The orc warrior is attracted toward you.
You hit the orc priest but do no damage.
The quokka bites you but does no damage.
The orc priest closely misses you. The goblin barely misses you.
An orc comes into view. It is wielding a +0 short sword.
The orc is attracted toward you.
You hit the orc priest but do no damage.
The quokka barely misses you.
An orc comes into view. It is wielding a +0 dagger.
The goblin hits you but does no damage. The orc is attracted toward you.
The quokka misses you. The goblin hits you with a +0 club.
The orc is attracted toward you.
You climb downwards.
There is a stone staircase leading up here.
Casting: Confusing Touch (quite dangerous; 9% risk of failure)
Press: ? - help, Q - select action, (/) - cycle Dir - look around, f - activate Your hands begin to glow brighter.
The quokka barely misses you.
The orc warrior hits you with a +0 war axe!
The goblin closely misses you. The quokka closely misses you.
You hit the orc warrior but do no damage.
The orc warrior appears confused.
You bite the orc warrior, but do no damage.
Okay, then.
You feel much better. The quokka misses you. The goblin barely misses you.
The quokka barely misses you.
The orc warrior is attracted toward you.
You barely miss the orc warrior. The goblin misses you.
You hit the orc warrior but do no damage.
The quokka closely misses you.
The orc warrior barely misses the goblin.
The orc warrior hits you with a +0 war axe!
The goblin hits you with a +0 club.
You hit the orc warrior but do no damage.
The quokka closely misses you.
The orc warrior hits you with a +0 war axe!
Ouch! That really hurt!
You die...
Your body crumbles into a pile of gold.

#....#....'...#........#.........
#...##...##...##.......#.........
##'########...##.......#..>.....(
#...#.........##'#######.........
#...#.........##.......#.........
#...'..................#.........
#...############.......#.........
##'##..<.......#rg§....#.P.......
...............#@o.....#......###
...............######'##...>....#
................................#
<.......................#.......#
........................#.......#
........................+.......#
........................###...###
.....###############......#...###
|....#.............#......+....#.


You could see an orc warrior (confused), a quokka and a goblin.

Vanquished Creatures
  An ice beast (D:5)
  2 jellies
  Jessica (D:2)
  3 iguanas (D:5)
  Terence (D:2)
  A hound zombie (D:5)
  A howler monkey zombie (D:5)
  An adder (D:1)
  2 dart slugs (D:1)
  6 orcs (D:5)
  4 ball pythons
  7 bats
  2 endoplasms
  2 giant cockroaches
  8 goblins
  6 hobgoblins
  2 quokkas
  6 kobolds
  5 rats
61 creatures vanquished.

Notes
Turn   | Place    | Note
-------+----------+-------------------------------------------
     0 | D:1      | LynnLen the Vampire Enchanter began the quest for the Orb.
     0 | D:1      | Reached XP level 1. HP: 13/13 MP: 3/3
   369 | D:1      | Found Veiwonku's Antique Armour Emporium.
   392 | D:1      | Reached XP level 2. HP: 11/19 MP: 5/5
  1064 | D:1      | Gained mutation: You are afflicted with vampirism and can
                  | become a bat while bloodless. [Vampire growth]
  1064 | D:1      | Reached XP level 3. HP: 24/24 MP: 6/6
  1078 | D:1      | Learned a level 3 spell: Confusing Touch
  1348 | D:2      | Noticed Jessica
  1622 | D:2      | Killed Jessica
  1960 | D:2      | Reached XP level 4. HP: 24/24 MP: 7/7
  1966 | D:2      | Noticed Terence
  1994 | D:2      | Killed Terence
  2662 | D:2      | Found a faded altar of an unknown god.
  2957 | D:3      | Reached XP level 5. HP: 28/28 MP: 8/8
  3138 | D:3      | You fall into a shaft and drop 2 floors!
  3138 | D:5      | Entered Level 5 of the Dungeon
  3433 | D:5      | Noticed an ice beast
  3447 | D:5      | Killed an ice beast
  3448 | D:5      | Reached skill level 5 in Dodging
  3688 | D:5      | Reached XP level 6. HP: 26/32 MP: 6/9
  4072 | D:5      | Found a staircase to the Ecumenical Temple.
  4080 | Temple   | Entered the Ecumenical Temple
  4087 | Temple   | Became a worshipper of Gozag Ym Sagoz the Greedy
  4343 | D:5      | Reached skill level 5 in Short Blades
  4548 | D:5      | Found Ryeciassit's Antique Armour Shoppe.
  4778 | D:4      | Noticed an orc warrior
  4789 | D:5      | Slain by an orc warrior

Illustrated notes

Levels and vault maps discovered:
D:1:      dpeg_arrival_pond, layout_loops_ring, serial_shops,
          nicolae_shop_trees, chequers_serial_rivers_micro_d,
          minmay_misc_feat_nine_boxes, minmay_tromino_v4_c
D:2:      layout_loops_cross, dreamdust_ecumenical_altar_angels_and_demons,
          uniq_jessica, uniq_terence
D:3:      layout_loops_ring, mrwooster_statue_mirror, minmay_distorted
D:4:      layout_loops_corners, serial_shops, nicolae_shop_hallway_plus,
          feat_on_display
D:5:      layout_gridville, minmay_temple_entry_overgrown, serial_shops,
          nicolae_lakefront_shop, minmay_misc_feat_x,
          chequers_serial_rivers_micro_a
Temple:   nicolae_temple_the_god_donut

Skill      XL: |  1  2  3  4  5  6 |
---------------+-------------------+-----
Short Blades   | 2 3 4 5 |  5.1
Dodging        | 3 4 5 |  5.5
Stealth        | |  4.4
Spellcasting   | |  2.0
Hexes          | |  4.4

Action                   |  1- 3 |  4- 6 || total
-------------------------+-------+-------++-------
Melee: Dagger            |   122 |   125 ||   247
       Bite              |    12 |    14 ||    26
       Punch             |     1 |     3 ||     4
 Cast: Confusing Touch   |     3 |     9 ||    12
 Abil: Exsanguinate      |     1 |       ||     1
  Use: Potion            |     2 |     2 ||     4
       Scroll            |     1 |     1 ||     2
 Stab: Sleeping          |     8 |    16 ||    24
       Invisible         |     1 |       ||     1
       Confused          |     2 |     5 ||     7
Armor: Robe              |    22 |    17 ||    39
Dodge: Dodged            |   103 |    83 ||   186
